[Event "Team 45 45 League T60"]
[Site "Internet Chess Club"]
[Date "2014.03.29"]
[Round "5"]
[White "laotse"]
[Black "stantheman59"]
[Result "1-0"]
[WhiteElo "1758"]
[BlackElo "1273"]
[Opening "French defense"]
[ECO "C01"]
[Time "16:02:56"]
[TimeControl "2700+45"]

1. e4 e6 2. d4 Nc6 3. f4 d5 4. e5 Nge7 5. a3 Nf5 6. Nf3 Be7 7. c3 a6 8. Bd3 Bh4+
9. g3 Be7 10. O-O f6 11. Qe2 O-O 12. Rf2 Bd7 13. Nbd2 Be8 14. Bxf5 exf5 15. Nf1
Bh5 16. Ne3 fxe5 17. dxe5 d4 18. cxd4 Nxd4 19. Qc4+ Bf7 20. Qxd4 Qxd4 21. Nxd4
Bc5 22. Ndxf5 Be6 23. Nh4 Rfd8 24. f5 Bxe3 25. Bxe3 Bb3 26. Rc1 c6 27. Bf4 Rd4
28. Nf3 Rd5 29. Rd2 Rxd2 30. Nxd2 Bd5 31. Kf2 Rf8 32. Ke3 Rxf5 33. Ne4 Bxe4 34.
Kxe4 g6 35. Rd1 Rf8 36. Rd7 b6 37. e6 Re8 38. Ke5 c5 39. Kd6 c4 40. Bg5 b5 41.
e7 Kf7 42. Rd8 b4 43. axb4 h6 44. Rxe8 Kxe8 45. Bxh6 g5 46. h3 c3 47. bxc3 g4
48. h4 {Black resigns} 1-0

[Event "Team 45 45 League T60"]
[Site "Internet Chess Club"]
[Date "2014.03.30"]
[Round "5"]
[White "TheRailgun"]
[Black "IndianPawn"]
[Result "0-1"]
[WhiteElo "1877"]
[BlackElo "1905"]
[Opening "Caro-Kann: Panov-Botvinnik attack"]
[ECO "B13"]
[Time "10:18:52"]
[TimeControl "2700+45"]

1. e4 c6 2. d4 d5 3. exd5 cxd5 4. c4 Nf6 5. Nc3 Nc6 6. Bg5 dxc4 7. Bxc4 e6 8.
Nf3 Be7 9. O-O O-O 10. Rc1 Bd7 11. Bd3 Rc8 12. a3 Qa5 13. Bb1 Rfd8 14. Be3 e5
15. dxe5 Nxe5 16. Nxe5 Qxe5 17. Qd4 Qh5 18. Ne4 Ng4 19. h3 Ne5 20. Ng3 Rxc1 21.
Rxc1 Qxh3 22. gxh3 Nf3+ 23. Kf1 Nxd4 24. Bxd4 Bxh3+ 25. Ke2 Rxd4 26. Rh1 Rh4 27.
Rc1 g6 28. Rc7 Bd8 29. Rxb7 Bb6 30. Ne4 Bg4+ 31. Kd2 Be6 32. Nf6+ Kg7 33. Ne8+
Kh6 {White resigns} 0-1

[Event "Team 45 45 League T60"]
[Site "Internet Chess Club"]
[Date "2014.03.30"]
[Round "5"]
[White "gerailen0075"]
[Black "calmon59"]
[Result "1-0"]
[WhiteElo "1907"]
[BlackElo "1866"]
[Opening "Sicilian: Hungarian variation"]
[ECO "B27"]
[Time "14:00:53"]
[TimeControl "2700+45"]

1. e4 c5 2. Nf3 g6 3. c3 d5 4. e5 Nc6 5. d4 Bg4 6. Bb5 Qb6 7. Bxc6+ bxc6 8. Nbd2
Nh6 9. O-O Nf5 10. Qa4 Bh6 11. dxc5 Qxc5 12. Qxg4 O-O 13. Nb3 Qb6 14. Bxh6 Nxh6
15. Qd4 Qb7 16. Qd2 Nf5 17. g4 Ng7 18. Nfd4 a5 19. Nc5 Qc8 20. Qe2 h5 21. h3 Rb8
22. Rab1 f5 23. e6 fxg4 24. Nd7 gxh3 25. Qe5 Ra8 26. Nxf8 Qxf8 27. f4 c5 28. f5
cxd4 29. f6 exf6 30. Rxf6 Qc5 31. Rxg6 dxc3+ 32. Kh1 Ra7 33. bxc3 Qf2 34. Rb8+
Kh7 35. Rxg7+ Rxg7 36. Qxh5# {Black checkmated} 1-0

[Event "Team 45 45 League T60"]
[Site "Internet Chess Club"]
[Date "2014.03.29"]
[Round "5"]
[White "patito09"]
[Black "pishd"]
[Result "1-0"]
[WhiteElo "1837"]
[BlackElo "1743"]
[Opening "Queen's pawn game"]
[ECO "E06"]
[Time "10:42:49"]
[TimeControl "2700+45"]

1. d4 Nf6 2. Nf3 e6 3. g3 d5 4. Bg2 Be7 5. O-O O-O 6. c4 c6 7. Nbd2 Nbd7 8. b3
b6 9. Bb2 Bb7 10. Qc2 Rc8 11. Rac1 c5 12. Rfd1 Qc7 13. Ba3 Rfd8 14. Ne1 dxc4 15.
Nxc4 Bxg2 16. Nxg2 Qb7 17. Qb1 Qe4 18. Qxe4 Nxe4 19. f3 Nef6 20. e4 Bf8 21. Bb2
cxd4 22. Bxd4 Bc5 23. Bxc5 Nxc5 24. Nd6 Rc6 25. Nb5 Rxd1+ 26. Rxd1 Nb7 27. Nxa7
Rc2 28. Ne3 Rxa2 29. Nb5 Ra5 30. Nd6 Nxd6 31. Rxd6 Ra1+ 32. Kg2 Ra2+ 33. Kg1
Ra1+ 34. Nf1 g6 35. Rxb6 Nd7 36. Rc6 Rb1 37. Rc3 h5 38. Kf2 Rb2+ 39. Ke3 g5 40.
Nd2 Ne5 41. Nc4 Nxc4+ 42. bxc4 Rxh2 43. c5 Ra2 44. c6 Ra8 45. c7 Rc8 46. Kd4 Kf8
47. Rc5 f6 48. Kc4 h4 49. gxh4 gxh4 50. Kb5 Ke7 51. Kc6 Rh8 52. Rb5 {Black
resigns} 1-0

[Event "Team 45 45 League T60"]
[Site "Internet Chess Club"]
[Date "2014.03.29"]
[Round "5"]
[White "oldsj"]
[Black "PaulaR"]
[Result "1-0"]
[WhiteElo "1631"]
[BlackElo "1756"]
[Opening "French: exchange variation"]
[ECO "C01"]
[Time "13:02:22"]
[TimeControl "2700+45"]

1. e4 e6 2. d4 d5 3. exd5 exd5 4. c4 Nf6 5. Nc3 Be6 6. cxd5 Nxd5 7. Nf3 Nc6 8.
Bb5 Bb4 9. Qc2 O-O 10. Ng5 Nf6 11. Nxe6 fxe6 12. Bxc6 bxc6 13. Be3 Nd5 14. O-O
Nxe3 15. fxe3 c5 16. a3 Ba5 17. dxc5 c6 18. b4 Bc7 19. Qe4 Re8 20. Qxc6 Rc8 21.
Qe4 Qd2 22. Qd4 Qxd4 23. exd4 Red8 24. Rad1 Rb8 25. d5 exd5 26. Nxd5 Be5 27.
Ne7+ Kh8 28. Nc6 Rxd1 29. Rxd1 Rg8 30. Nxe5 h6 31. Nf7+ Kh7 32. Rd8 Rxd8 33.
Nxd8 Kg8 34. c6 Kh7 35. c7 Kg8 36. c8=Q Kh7 37. Ne6 a5 {Black resigns} 1-0

[Event "Team 45 45 League T60"]
[Site "Internet Chess Club"]
[Date "2014.03.28"]
[Round "5"]
[White "TerryMalloy"]
[Black "Tobiasdelmonte"]
[Result "0-1"]
[WhiteElo "1945"]
[BlackElo "1842"]
[Opening "Alekhine's defense: modern, Larsen variation"]
[ECO "B04"]
[Time "21:19:24"]
[TimeControl "2700+45"]

1. e4 Nf6 2. e5 Nd5 3. d4 d6 4. Nf3 dxe5 5. Nxe5 c6 6. Be2 Nd7 7. Nf3 N7f6 8.
O-O Bg4 9. h3 Bxf3 10. Bxf3 e6 11. c4 Nb6 12. b3 Be7 13. Bb2 O-O 14. Nc3 Qc7 15.
Qe2 Rfe8 16. Rac1 Rad8 17. Rfd1 Bf8 18. Qe5 Bd6 19. Qg5 Bf4 20. Qh4 Bxc1 21.
Rxc1 e5 22. dxe5 Qxe5 23. Ba1 Rd4 {White resigns} 0-1

[Event "Team 45 45 League T60"]
[Site "Internet Chess Club"]
[Date "2014.03.27"]
[Round "5"]
[White "fireball"]
[Black "drsigmund1"]
[Result "1-0"]
[WhiteElo "1762"]
[BlackElo "1479"]
[Opening "Réti: King's Indian attack, French variation"]
[ECO "C00"]
[Time "20:01:36"]
[TimeControl "2700+45"]

1. e4 e6 2. d3 d5 3. Nd2 Nf6 4. Ngf3 c5 5. g3 Nc6 6. Bg2 Be7 7. O-O O-O 8. Re1
Nd7 9. c3 b6 10. exd5 exd5 11. Nf1 Bb7 12. b3 Bf6 13. Bb2 Qc7 14. Ne3 Ne7 15.
Ng4 Rfe8 16. Nxf6+ Nxf6 17. d4 c4 18. Ne5 b5 19. f4 Rad8 20. g4 Ne4 21. g5 f6
22. Bxe4 fxe5 23. Bxh7+ Kxh7 24. Qh5+ Kg8 25. g6 Nxg6 26. Qxg6 e4 27. f5 Rd6 28.
Qxe8+ Kh7 29. Re3 Rh6 30. Qe5 Qd8 31. Rg3 Rf6 32. Bc1 Qf8 33. Bg5 Rxf5 34. Qe7
Qc8 35. Bf4 Qf8 36. Qxf8 Rxf8 37. Be5 g6 38. Rh3+ {Black resigns} 1-0

[Event "Team 45 45 League T60"]
[Site "Internet Chess Club"]
[Date "2014.03.31"]
[Round "5"]
[White "Goli"]
[Black "santiagoelawad"]
[Result "1/2-1/2"]
[WhiteElo "1774"]
[BlackElo "1936"]
[Opening "Caro-Kann: Panov-Botvinnik attack, 5...e6"]
[ECO "B14"]
[Time "17:00:40"]
[TimeControl "2700+45"]

1. e4 c6 2. d4 d5 3. exd5 cxd5 4. c4 Nf6 5. Nc3 e6 6. Nf3 Bb4 7. Bd2 O-O 8. a3
Bxc3 9. Bxc3 Nbd7 10. Bd3 dxc4 11. Bxc4 Nb6 12. Ba2 Nbd5 13. O-O b6 14. Rc1 Ba6
15. Re1 Qd6 16. Bb1 Rfc8 17. Bd2 Rxc1 18. Bxc1 Bb7 19. Ne5 Rc8 20. h4 Rd8 21. g4
Ne7 22. g5 Nd7 23. Bxh7+ Kxh7 24. Qh5+ Kg8 25. Qxf7+ Kh7 26. Qh5+ Kg8 27. Qf7+
Kh8 {Game drawn by mutual agreement} 1/2-1/2

[Event "Team 45 45 League T60"]
[Site "Internet Chess Club"]
[Date "2014.03.30"]
[Round "5"]
[White "Slypawn"]
[Black "room-matt"]
[Result "1-0"]
[WhiteElo "1820"]
[BlackElo "1853"]
[Opening "English opening"]
[ECO "A10"]
[Time "10:33:57"]
[TimeControl "2700+45"]

1. c4 g5 2. g3 d6 3. Bg2 Bg7 4. Nc3 Nc6 5. d3 g4 6. e4 h5 7. Nge2 e5 8. h4 a5 9.
Nd5 Be6 10. Nec3 Nd4 11. O-O c6 12. Ne3 Ne7 13. Rb1 f5 14. exf5 Nexf5 15. Nxf5
Nxf5 16. Bg5 Qb6 17. Ne4 Rf8 18. Kh2 d5 19. c5 Qc7 20. Nc3 d4 21. Ne4 Bxa2 22.
Ra1 Bd5 23. b4 b6 24. bxa5 bxa5 25. Qa4 Ra7 26. Rfb1 Ne7 27. Nd6+ Kd7 28. Qc2
Bxg2 29. Kxg2 Nd5 30. Qe2 Nc3 31. Qe1 Nxb1 32. Rxb1 Ke6 33. Qe4 Qd7 34. Rb6 Rc7
35. Qe2 Kd5 36. Qc2 e4 37. dxe4+ Ke5 38. Bf4+ Ke6 39. Qb3+ Ke7 40. Nf5+ Rxf5 41.
exf5 Ra7 42. Bb8 Qxf5 43. Bxa7 Qe4+ 44. Kh2 Qf5 45. Rb7+ Kf8 46. Rb8+ Ke7 47.
Qb7+ Kf6 48. Qxc6+ Qe6 49. Qxe6+ Kxe6 50. c6 Kd6 51. Rd8+ Kxc6 52. Bxd4 Kc7 53.
Rd5 Bxd4 54. Rxd4 Kb6 55. Rd8 a4 56. Ra8 Kb5 57. Kg2 Kb4 58. f4 {Black resigns}
1-0

[Event "Team 45 45 League T60"]
[Site "Internet Chess Club"]
[Date "2014.03.31"]
[Round "5"]
[White "tsia68"]
[Black "cityprosecutor"]
[Result "1-0"]
[WhiteElo "1827"]
[BlackElo "1751"]
[Opening "Réti opening"]
[ECO "A04"]
[Time "14:15:45"]
[TimeControl "2700+45"]

1. Nf3 d6 2. g3 g6 3. Bg2 Bg7 4. O-O Nf6 5. d3 O-O 6. e4 e5 7. c3 Nc6 8. Re1 Re8
9. Nbd2 d5 10. exd5 Nxd5 11. Nb3 a5 12. a4 Qd6 13. h3 b6 14. d4 Bb7 15. dxe5
Nxe5 16. Nxe5 Rxe5 17. Rxe5 Bxe5 18. c4 Bxg3 19. fxg3 Qc5+ {Black resigns} 1-0

[Event "Team 45 45 League T60"]
[Site "Internet Chess Club"]
[Date "2014.04.02"]
[Round "5"]
[White "acejackace"]
[Black "BrerRabbit"]
[Result "1-0"]
[WhiteElo "1494"]
[BlackElo "1452"]
[Opening "Réti opening"]
[ECO "A04"]
[Time "15:03:00"]
[TimeControl "2700+45"]

1. Nf3 d6 2. g3 e5 3. Bg2 f5 4. c3 Nf6 5. d3 Be7 6. Nbd2 O-O 7. Ng5 c6 8. O-O
Nd5 9. e4 Nc7 10. Ngf3 fxe4 11. Nxe4 Nd7 12. Be3 Nd5 13. Bd2 N7f6 14. Nxf6+ Nxf6
15. Qb3+ Kh8 16. Rfe1 Qc7 17. Ng5 d5 18. c4 Qb6 19. cxd5 Nxd5 20. Qxb6 axb6 21.
Bxd5 cxd5 22. Rxe5 Bf6 23. Rxd5 Bxb2 24. Re1 Rxa2 25. Bb4 Bd4 26. Rxd4 Raxf2 27.
Bxf8 Rxf8 28. Ne6 Re8 29. Rde4 {Black resigns} 1-0

[Event "Team 45 45 League T60"]
[Site "Internet Chess Club"]
[Date "2014.04.04"]
[Round "5"]
[White "lemorgado"]
[Black "SlimeDog2"]
[Result "0-1"]
[WhiteElo "1962"]
[BlackElo "2029"]
[Opening "Queen's pawn game"]
[ECO "A45"]
[Time "22:00:45"]
[TimeControl "2700+45"]

1. d4 Nf6 2. e3 c5 3. f4 b6 4. Nf3 Bb7 5. Bd3 Qc7 6. c3 e6 7. O-O Be7 8. Qe1 Ne4
9. Nbd2 f5 10. Qd1 O-O 11. Qc2 d5 12. Ne5 Ba6 13. g4 cxd4 14. exd4 Bxd3 15. Qxd3
Nc6 16. gxf5 exf5 17. Nxe4 fxe4 18. Qb5 Nxe5 19. dxe5 Bc5+ 20. Kh1 Rf5 21. Qe2
Raf8 22. c4 Qxe5 23. fxe5 Rxf1+ 24. Kg2 Rg1+ 25. Kh3 Rf3+ {White resigns} 0-1

[Event "Team 45 45 League T60"]
[Site "Internet Chess Club"]
[Date "2014.03.29"]
[Round "5"]
[White "drbishop"]
[Black "jt2000"]
[Result "0-1"]
[WhiteElo "1687"]
[BlackElo "1994"]
[Opening "QGD Slav: 3.Nf3"]
[ECO "D11"]
[Time "12:10:53"]
[TimeControl "2700+45"]

1. d4 d5 2. c4 c6 3. Nf3 Nf6 4. Bf4 e6 5. e3 Be7 6. Nbd2 Nbd7 7. Bd3 O-O 8. O-O
dxc4 9. Nxc4 a6 10. Qc2 c5 11. Rac1 b5 12. Nce5 cxd4 13. Nc6 Qe8 14. Nxe7+ Qxe7
15. exd4 Bb7 16. Qe2 Rac8 17. a4 Nd5 18. Bd2 bxa4 19. Bxa6 Bxa6 20. Qxa6 Ra8 21.
Qd3 Rfb8 22. Rc2 Rb3 23. Qc4 N7b6 24. Qc6 h6 25. Qc5 Qb7 26. Rfc1 Nd7 27. Qd6
N7f6 28. Qc6 Qxc6 29. Rxc6 Rxb2 30. Rc8+ Rxc8 31. Rxc8+ Kh7 32. h3 a3 33. Bc1
Rb1 34. Kh2 a2 35. Nd2 a1=Q 36. Nxb1 Qxb1 {White resigns} 0-1

[Event "Team 45 45 League T60"]
[Site "Internet Chess Club"]
[Date "2014.03.30"]
[Round "5"]
[White "Warpdrive"]
[Black "WillC"]
[Result "0-1"]
[WhiteElo "1722"]
[BlackElo "1709"]
[Opening "Sicilian: Najdorf, Byrne (English) attack"]
[ECO "B90"]
[Time "18:01:41"]
[TimeControl "2700+45"]

1. e4 c5 2. Nf3 d6 3. d4 cxd4 4. Nxd4 Nf6 5. Nc3 a6 6. Be3 Nc6 7. f3 e6 8. Qd2
Be7 9. O-O-O Qc7 10. g4 b5 11. g5 Nd7 12. Nxc6 Qxc6 13. Qd4 f6 14. gxf6 Nxf6 15.
e5 dxe5 16. Qxe5 Bd7 17. Rg1 Rg8 18. Bg2 O-O-O 19. f4 Qc7 20. Bf3 Qxe5 21. fxe5
Ne8 22. Rg2 Nc7 23. Rgd2 b4 24. Ne4 Bc6 25. Rxd8+ Rxd8 26. Rxd8+ Kxd8 27. Nd2
Kd7 28. Bxc6+ Kxc6 29. Nf3 Kd5 30. Kd2 Ke4 31. Ke2 Nd5 32. Bd2 Nb6 33. b3 Nd7
34. c4 Nxe5 35. Nxe5 Kxe5 36. Kd3 h6 37. Be3 g5 38. h3 h5 39. Bf2 g4 40. hxg4
hxg4 41. Bg3+ Kf5 42. Kd4 Bf6+ 43. Ke3 Be7 44. Kd4 Bf6+ 45. Ke3 e5 46. c5 Bg5+
47. Kd3 Bf4 48. Bxf4 exf4 49. c6 Ke6 {White resigns} 0-1